Cogmind - Beta 12 *** ADVENTURER MODE // 2023.07.09 @ 09:50:06 Player: Blade Result: Destroyed by D-53 Grenadier with Mini Grenade Launcher Performance ------------- Evolutions (1) 500 Regions Visited (3) 600 Robots Destroyed (18) 90 Value Destroyed (375) 375 Prototype IDs (1) 20 Alien Tech Used (0) 0 Bonus (0) 0 TOTAL SCORE: 1585 Bonus ------- None Cogmind --------- Core Integrity 0/400 Matter 34/300 Energy 100/100 System Corruption 0% Temperature Cool (0) Movement Core (200) Ox3 Location -9/Mines Parts ------- > --- POWER (1) -------- (None) > --- PROPULSION (2) --- (None) > --- UTILITY (4) ------ Medium Storage Unit Structural Scanner Improved Targeting Computer > --- WEAPON (2) ------- (None) > --- INVENTORY (10) --- Improved Aluminum Leg Cooling System Cooling System Improved Targeting Computer Light Armor Plating Hardened Light Armor Plating Hardened Light Armor Plating Hardened Light Armor Plating Hardened Light Armor Plating Light Cannon Peak State ------------ > --- POWER ------------ Improved Ion Engine > --- PROPULSION ------- Improved Aluminum Leg Improved Titanium Leg > --- UTILITY ---------- Cooling System Medium Storage Unit Structural Scanner Improved Targeting Computer > --- WEAPON ----------- Light Cannon Mini Grenade Launcher > --- INVENTORY -------- Improved Aluminum Leg Cooling System Cooling System Improved Targeting Computer Light Armor Plating Hardened Light Armor Plating Hardened Light Armor Plating Hardened Light Armor Plating Hardened Light Armor Plating Light Cannon [Rating: 18] Favorites ----------- Power Light Ion Engine Engine Light Ion Engine Propulsion Improved Aluminum Leg Leg Improved Aluminum Leg Utility Medium Storage Unit Device Structural Scanner Storage Medium Storage Unit Processor Improved Targeting Computer Protection Hardened Light Armor Plating Weapon Light Cannon Energy Gun Small Laser Ballistic Gun Improved Assault Rifle Ballistic Cannon Light Cannon Launcher Mini Grenade Launcher Build | -11 -10 -9 -9 ------- Run | Jun Mat Mat Min Slots Evolved 2 | . . 2 . Power . | . . . . Propulsion . | . . . . Utility 2 | . . 2 . Weapon . | . . . . Parts Attached 36 | 6 12 17 1 Power 6 | 1 1 4 . Engine 6 | 1 1 4 . Core . | . . . . Reactor . | . . . . Propulsion 6 | 2 2 1 1 Treads . | . . . . Leg 6 | 2 2 1 1 Wheel . | . . . . Hover . | . . . . Flight . | . . . . Utility 14 | 1 5 8 . Device 6 | . 2 4 . Storage 6 | 1 3 2 . Processor 1 | . . 1 . Hackware . | . . . . Protection 1 | . . 1 . Artifact . | . . . . Weapon 10 | 2 4 4 . Energy Gun 1 | 1 . . . Energy Cannon . | . . . . Ballistic Gun 2 | 1 1 . . Ballistic Cannon 4 | . 3 1 . Launcher 3 | . . 3 . Special Weapon . | . . . . Impact Weapon . | . . . . Slashing Weapon . | . . . . Piercing Weapon . | . . . . Special Melee Weapon . | . . . . Unidentified Prototypes 1 | . 1 . . Parts Lost 7 | . . 1 6 Power 2 | . . 1 1 Propulsion 2 | . . . 2 Utility 1 | . . . 1 Weapon 2 | . . . 2 Highest Loss Streak 6 | . . 1 6 To Critical Strikes . | . . . . Average Slot Usage (%) 89 | . 87 89 94 Engine 11 | . 14 9 10 Leg 18 | . 20 15 20 Device 16 | . 9 22 20 Storage 12 | . 14 11 11 Processor 1 | . . . 11 Protection 4 | . . 10 . Energy Gun 1 | . 2 . . Ballistic Gun 7 | . 12 5 . Ballistic Cannon 11 | . 13 10 9 Launcher 3 | . . 4 9 Naked Turns . | . . . . Heaviest Build 45 | 10 25 45 24 Greatest Support 33 | 20 26 26 33 Greatest Overweight (x) 3 | . 1 2 3 Average Overweight (x) . | . . . . Largest Inventory Capacity 15 | 8 10 15 10 Average Capacity 9 | 7 9 10 10 Most Carried 10 | 3 10 10 10 Average Carried 8 | 1 7 9 10 Final Capacity 10 | 8 10 10 10 Final Carried 10 | 3 10 10 10 Class Distribution -------------------- 100% | Mutant Dominant Class ---------------- Mutant | -10/Materials Mutant | -9/Materials Mutant | -9/Mines Resources | -11 -10 -9 -9 ----------- Run | Jun Mat Mat Min Matter Collected 514 | 186 283 45 . Remotely . | . . . . Salvage Created 359 | . 120 231 8 Parts 24 | . 10 14 . Haulers Intercepted . | . . . . Recyclers Shooed . | . . . . Parts Field Recycled 3 | . . 3 . Retrieved Matter 18 | . . 18 . Parts Self-Destructed . | . . . . Prevented . | . . . . Kills | -11 -10 -9 -9 ------- Run | Jun Mat Mat Min Combat Hostiles Destroyed 15 | . 8 5 2 Guns 2 | . 2 . . Cannons 8 | . 6 2 . AOE 5 | . . 3 2 Classes Destroyed 7 | . 2 4 1 Worker 1 | . . 1 . Builder 3 | . . 3 . Recycler 1 | . . 1 . Swarmer 6 | . 6 . . Grunt 5 | . 2 3 . Sentry 2 | . . 2 . Assembled 2 | . . . 2 Best Kill Streak 6 | . 4 6 2 Combat Bots Only 4 | . 4 3 2 Max Kills in Single Turn 3 | . 1 3 1 Gunslinging . | . . . . Exploded 1 | . . 1 1 Melee . | . . . . Uniques/NPCs Destroyed . | . . . . Combat | -11 -10 -9 -9 -------- Run | Jun Mat Mat Min Damage Taken 1420 | . 279 260 881 Core 467 | . 60 40 367 Absorbed by Shields . | . . . . Core Remaining (%) 88 | 100 76 . . Volleys Fired 39 | . 19 18 2 Largest 2 | . 2 2 2 Hottest 65 | . 58 65 65 Shots Fired 64 | . 38 22 4 Gun 19 | . 19 . . Cannon 39 | . 19 18 2 Launcher 6 | . . 4 2 Special . | . . . . Kinetic 58 | . 38 18 2 Thermal . | . . . . Explosive 6 | . . 4 2 Electromagnetic . | . . . . Robot Hit Streak 14 | . 7 14 . Robot Miss Streak 3 | . 3 2 . Penetration Max . | . . . . Secondary Targets . | . . . . Shots Hit Robots 40 | . 24 16 . Core Hits 29 | . 9 14 6 Critical Kills . | . . . . Critical Parts Destroyed . | . . . . Critical Strikes . | . . . . Melee Attacks . | . . . . Impact . | . . . . Slashing . | . . . . Piercing . | . . . . Sneak Attacks . | . . . . Combat Hostiles . | . . . . Follow-up Attacks . | . . . . Damage Inflicted 1392 | . 448 786 158 Guns 158 | . 158 . . Cannons 546 | . 290 241 15 Explosions 688 | . . 545 143 Melee . | . . . . Ramming . | . . . . Kinetic 704 | . 448 241 15 Thermal . | . . . . Explosive 688 | . . 545 143 Electromagnetic . | . . . . Impact . | . . . . Slashing . | . . . . Piercing . | . . . . Highest Corruption . | . . . . Average Corruption . | . . . . Corruption Purged . | . . . . Corruption Blocked . | . . . . Overload Shots . | . . . . Overflow Damage 6 | . . 6 . Projectiles . | . . . . Explosions 6 | . . 6 . Melee . | . . . . Knockbacks 3 | . 2 1 . Impact . | . . . . Kinetic 3 | . 2 1 . Secondary . | . . . . Self-Inflicted Damage 73 | . . 46 27 Shots 2 | . . 1 1 Rammed . | . . . . Targets Rammed . | . . . . Kicked . | . . . . Crushed . | . . . . Highest Temperature 41 | . 41 4 . Average Temperature 20 | . 21 4 . Received Heat Transfer 201 | . 78 123 . Siege Activations . | . . . . Robots Corrupted . | . . . . Combat Hostiles . | . . . . Parts Fried . | . . . . Impact Corruptions . | . . . . Robots Melted . | . . . . Combat Hostiles . | . . . . Parts Melted . | . . . . Heat Transferred . | . . . . Parts Sabotaged . | . . . . Parts Stolen . | . . . . Parts Stripped . | . . . . Power Chain Reactions . | . . . . Missiles Intercepted . | . . . . Alert | -11 -10 -9 -9 ------- Run | Jun Mat Mat Min Peak Influence 171 | . 171 168 85 Initial 55 | . . . 55 Average 32 | . 44 17 54 Maximum Alert Level . | . . . . Low Security (%) 100 | 100 100 100 100 Level 1 . | . . . . Level 2 . | . . . . Level 3 . | . . . . Level 4 . | . . . . Level 5 . | . . . . High Security . | . . . . Max Security . | . . . . Squads Dispatched 2 | . . 1 1 Investigation 1 | . . . 1 Extermination . | . . . . Reinforcement 1 | . . 1 . Assault . | . . . . Garrison . | . . . . Intercept . | . . . . Searches Triggered . | . . . . Construction Impeded . | . . . . Haulers Reinforced . | . . . . Active Scanning Responses . | . . . . Cargo Convoy Interrupts . | . . . . Stealth | -11 -10 -9 -9 --------- Run | Jun Mat Mat Min Distress Signals 2 | . 1 1 . Communications Jammed . | . . . . Distress Signals . | . . . . Times Spotted 30 | . 14 9 7 Peak Tracking Total 5 | . 4 4 5 Tactical Retreats . | . . . . Traps | -11 -10 -9 -9 ------- Run | Jun Mat Mat Min Traps Triggered 2 | . 2 . . Indirectly . | . . . . Trap Hack Attempts . | . . . . Triggered . | . . . . Disarmed . | . . . . Reprogrammed . | . . . . Reused . | . . . . Traps Extracted . | . . . . Installed . | . . . . Triggered . | . . . . Machines | -11 -10 -9 -9 ---------- Run | Jun Mat Mat Min Machines Disabled 2 | . . 2 . Max in Single Turn 2 | . . 2 . Machines Repaired . | . . . . Machines Sabotaged . | . . . . Overloaded Fab Kills . | . . . . Hacking | -11 -10 -9 -9 --------- Run | Jun Mat Mat Min Machines Accessed 6 | . 4 1 1 Terminals 3 | . 3 . . Fabricators . | . . . . Repair Stations . | . . . . Recycling Units 2 | . 1 1 . Scanalyzers . | . . . . Garrison Access . | . . . . Total Hacks 11 | . 8 2 1 Successful 10 | . 7 2 1 Failed 1 | . 1 . . Catastrophic . | . . . . Database Lockouts . | . . . . Manual . | . . . . Terminals 6 | . 6 . . Fabricators . | . . . . Repair Stations . | . . . . Recycling Units 4 | . 2 2 . Scanalyzers . | . . . . Garrison Access . | . . . . Terminal Hacks 6 | . 5 . 1 Open Door 1 | . . . 1 Alert Level 2 | . 2 . . Unreport Threat 1 | . 1 . . Locate Traps 1 | . 1 . . Registered Components 1 | . 1 . . Fabricator Hacks . | . . . . Repair Station Hacks . | . . . . Recycling Unit Hacks 4 | . 2 2 . Report Inventory 1 | . 1 . . Retrieve Matter 1 | . . 1 . Retrieve Components 2 | . 1 1 . Scanalyzer . | . . . . Garrison Access Hacks . | . . . . Unauthorized Hacks . | . . . . Terminals . | . . . . Fabricators . | . . . . Repair Stations . | . . . . Recycling Units . | . . . . Scanalyzers . | . . . . Garrison Access . | . . . . Data Cores Recovered . | . . . . Used . | . . . . Hacking Detections 1 | . 1 . . Full Trace Events . | . . . . Feedback Events . | . . . . Feedback Blocked . | . . . . Robot Schematics Acquired . | . . . . Robots Built . | . . . . Authchips . | . . . . Time . | . . . . Total Robot Build Rating . | . . . . Part Schematics Acquired . | . . . . Parts Built . | . . . . Authchips . | . . . . Time . | . . . . Total Part Build Rating . | . . . . Parts Repaired . | . . . . Time . | . . . . Parts Recycled . | . . . . Recycled Matter . | . . . . Retrieved Matter . | . . . . Retrieved Components 4 | . 1 3 . Parts Scanalyzed . | . . . . Part Schematics Acquired . | . . . . Parts Damaged . | . . . . Bothacking | -11 -10 -9 -9 ------------ Run | Jun Mat Mat Min Used RIF Installer . | . . . . Robots Hacked . | . . . . Non-combat . | . . . . Combat . | . . . . Robot Hacks Applied . | . . . . Relay Couplers Released . | . . . . Fabnet Peak Effective % . | . . . . Robots Rewired . | . . . . Allies Hacked . | . . . . Hacks Repelled . | . . . . Allies | -11 -10 -9 -9 -------- Run | Jun Mat Mat Min Total Allies . | . . . . Largest Group . | . . . . Highest-Rated Group . | . . . . Highest-Rated Ally . | . . . . Total Orders . | . . . . Ally Attacks . | . . . . Total Damage . | . . . . Kills . | . . . . Allies Corrupted . | . . . . Allies Melted . | . . . . Intel | -11 -10 -9 -9 ------- Run | Jun Mat Mat Min Robot Analysis Total . | . . . . Derelict Logs Recovered 1 | . . . 1 Drone Launches . | . . . . Drone Recoveries . | . . . . Exploration | -11 -10 -9 -9 ------------- Run | Jun Mat Mat Min Turns Passed 1466 | 108 597 544 217 Spaces Moved 818 | 83 321 248 166 Core 10 | 4 . . 6 Treads . | . . . . Legs 808 | 79 321 248 160 Wheels . | . . . . Hover . | . . . . Flight . | . . . . Fastest Speed 50 | 50 120 120 120 Average Speed 155 | 116 155 187 126 Slowest Speed 260 | 120 190 260 200 Overloaded Moves . | . . . . Propulsion Burnouts . | . . . . Robots Hopped . | . . . . Cave-ins Triggered . | . . . . Exploration Rate (%) 30 | 5 56 27 32 Regions Visited 3 Branch Regions 1 Pre-discovered Areas 1 | . . . 1 Known Exits Taken . | . . . . Unknown Exits Taken 3 | 1 1 1 . Scrap Searched . | . . . . Spaces Dug . | . . . . Terrain Destroyed 53 | . . 38 15 Melee . | . . . . Projectile . | . . . . AOE 53 | . . 38 15 Terrain Rammed . | . . . . Walls Destroyed . | . . . . Machines Disabled . | . . . . Actions | -11 -10 -9 -9 --------- Run | Jun Mat Mat Min Total 957 | 91 387 309 170 Wait 8 | . . 8 . Move 815 | 82 320 247 166 Hop . | . . . . Pick Up 32 | 3 20 9 . Fast Attach 12 | 6 4 2 . Attach 13 | . 3 10 . Detach 5 | . . 5 . Swap 11 | . 5 5 1 Drop 22 | . 16 5 1 Fire 39 | . 19 18 2 Melee . | . . . . Ram . | . . . . Kick . | . . . . Crush . | . . . . Escape Stasis . | . . . . Rewire . | . . . . Trap . | . . . . Miscellaneous . | . . . . Route ------- -11/Junkyard -10/Materials (discovered 2 exits: *Mat / [*Min]) -9/Materials -9/Mines History --------- Turn | Location | Event 44 | -11/Junkyard | Discovered new exit (range 15) 109 | -11/Junkyard | Entered Materials 313 | -10/Materials | Build established: Mutant 459 | -10/Materials | Discovered new exit (range 12) 634 | -10/Materials | Discovered new exit (range 10) 706 | -10/Materials | Entered another Materials area 706 | -9/Materials | Evolved 2 slots: Utility x2 1241 | -9/Materials | Discovered new exit (range 7) 1250 | -9/Materials | Entered Mines 1264 | -9/Mines | Learned location of Recycling (-8) 1298 | -9/Mines | Met a Derelict shopkeep closing up shop 1421 | -9/Mines | Assembled infested the area 1456 | -9/Mines | Core integrity fell below 50% 1465 | -9/Mines | Core integrity fell below 20% 1467 | -9/Mines | Destroyed by D-53 Grenadier with Mini Grenade Launcher Last Messages --------------- 01421_ ALERT: Infestation in the mines, dispatching Demolisher response squad. 01428_ K-01 Serf collects debris. 01432_ K-01 Serf destroyed. 01432_ as-34936 destroyed. 01435_ as-67615 destroyed. 01435_ as-92567 destroyed. 01435_ as-92517 destroyed. 01439_ The unstable cave ceiling collapses. 01443_ Mni. Grenade Launcher destroyed. 01444_ Lgt. Cannon destroyed. 01444_ as-30025 destroyed. 01446_ The unstable cave ceiling collapses. 01447_ Cooling System destroyed. 01449_ Imp. Aluminum Leg destroyed. 01450_ Imp. Ion Engine destroyed. 01454_ The unstable cave ceiling collapses. 01456_ Imp. Titanium Leg destroyed. 01458_ T-07 Excavator destroyed. 01459_ The unstable cave ceiling collapses. Map ----- +----------------------------------------------------+ | ?????????????????????????????????????????????????? | | ?????????????????????????????????????????????????? | | ?????????????????????????????????????????????????? | | ?????????????????????????????????????????????????? | | ?????????????????????????????????????????????????? | | ?????????????????????????????????????????????????? | | ???????????????????????? ??????????????????????? | | ???????????????????????? ??????????????????????? | | #####??????????????????? ??????????????????????? | | ######?????????????????? ??????????????????????? | | # ###?????????????????? ??????????????????????? | | ##?????????????????? ??????????????????????? | | ###?????????????????? ??????????????????????? | | ####??????????????????? ??????????????????????? | | #####??????????????????? ??????????????????????? | | ########???????????????? ??????????????????????? | | ################??????? #?????????????????????? | | ## ##########???????## ##?????????????????????? | | ##???????## #########??????????????? | | ###### ##??????### #########??????????????? | | ###### ######?#### ??????????????? | | ##### ######?### # ##????????????????? | | ### ##### ####???????????????? | | # ## ### ##### ###??####?????????? | | # ### ### ##?########??????? | | # ### ### ######### @ ##### ######?????? | | # #### ### ######## ##### ### ????? | | # ### ? ##????### # #### ## ????? | | # ####??#######????### # # # ????? | | # ## ???#######?????## # # ????? | | # ##??????###?????##### # ????? | | ##??????## ### # ##????? | | ?? d ##????? | | # # d ##????? | | #### #### ##????? | | ##### ###### ## # ###????? | | ???#### ######## ### ### # #####????? | | ????### # ###??######## ##### % ### ####?????? | | ???????? # ##????####### % ##???????? | | ???????? #?????????###???## # #####???????? | | ?????????? ???????????###???##% #######???????? | | ??????????? ????????????????## #??????????? | | ???????????? ?????????????? # ????????????? | | ???????????????????????????##### %* ???????????? | | ???????????????????????????##### = ???????????? | | ??????????????????????????????## ??????????? | | ??????????????????????????????# ##??????????? | | ???????????????????????????????? ###??????????? | | ??????????????????????????????????? ##???????????? | | ?????????????????????????????????????????????????? | +----------------------------------------------------+ Best States ------------- Heat Dissipation 50 Coolant Potential 50 Energy Generation 12 Energy Capacity 265 Matter Stores 256 Matter Capacity 300 Sight Range 16 Terrain Scan Density 10 Armor Coverage 150 Resistance: KI 20 Resistance: TH 20 Resistance: EX 20 Resistance: EM 20 Resistance: I 20 Resistance: S 20 Resistance: P 20 Evasion (%) 55 Targeting Accuracy 6 Offensive Hacking 10 Item Schematics ----------------- None Robot Schematics ------------------ None Fabricated ------------ Nothing Alien Tech Used ----------------- None Achievements -------------- None Challenges ------------ None Game ------ Seed ReflectiveGyrokineticSuite Manual? 0 Play Time 00:19:40 Cumulative 18.8 hours Start 2023.07.09 @ 09:31:35 End 2023.07.09 @ 09:50:06 Sessions 1 Manual Loads 0 Difficulty Adventurer Special Mode None Game No. 20 Rogue 0 Adventurer 20 Explorer 0 Win Type - Total 0 Types 0/0/0/0/0/0/0/0/0 Lore% 20 Gallery% 25 Achievement% 23 Wizard Run 0 Options --------- ASCII 0 Keyboard 0 Movement Arrows Keybinds 0 Fullscreen 1 Font 18/SmallcapsGlow Map View 76x50 Tactical HUD 1 Map Filters NONE Filters NONE Steam 1 RUN: 43375d1b-f0e3-456b-b17e-0bf56545548c